 Dungeon Crawl Stone Soup version 0.28-a0-305-g9e858e973b (webtiles) character file.

Game seed: 4491566219908078877

6846 lunkers the Grappler (level 10, -1/106 HPs)
             Began as a Troll Cinder Acolyte on Aug 29, 2021.
             Was a High Priest of Ignis.
             Slain by a wolf (3 damage)
             ... led by Grum
             ... on level 8 of the Dungeon.
             The game lasted 00:08:16 (7196 turns).

lunkers the Grappler (Troll Cinder Acolyte)         Turns: 7196, Time: 00:08:16

Health: -1/106     AC:  7    Str: 27    XL:     10   Next: 78%
Magic:  18/19      EV:  9    Int:  9    God:    Ignis [*****.]
Gold:   506        SH:  0    Dex:  8    Spells: 10/11 levels left

rFire   + . .      SeeInvis .     - Unarmed
rCold   . . .      Faith    .   (no shield)
rNeg    . . .      Spirit   .   r - +2 robe {Will+}
rPois   .          Reflect  .   (helmet restricted)
rElec   .          Harm     .   k - +0 cloak
rCorr   +          Rampage  .   (gloves unavailable)
Will    +....                   (boots unavailable)
Stlth   +.........              (no amulet)
HPRegen 1.27/turn               j - ring of resist corrosion
MPRegen 0.16/turn               l - ring of magical power

@: very slightly contaminated
A: large, unfitting armour, claws 3, regeneration 1, shaggy fur 1, tough skin 1,
strong 1
a: Renounce Religion, Sea of Fire, Foxfire Swarm, Rising Flame


You were on level 8 of the Dungeon.
You worshipped Ignis.
Ignis was extremely pleased with you.
You visited 1 branch of the dungeon, and saw 8 of its levels.

You collected 506 gold pieces.

Inventory:

Missiles
 h - a throwing net
 o - 49 poisoned darts
Armour
 k - a +0 cloak (worn)
 r - a +2 robe of willpower (worn)
 v - +0 steam dragon scales
Jewellery
 j - a ring of resist corrosion (left claw)
 l - a ring of magical power (right claw)
 x - an amulet of guardian spirit
Wands
 q - a wand of polymorph (2)
 u - a wand of iceblast (17)
 w - a wand of digging (4)
 z - a wand of acid (10)
 B - a wand of paralysis (11)
 C - a wand of flame (18)
Scrolls
 f - 2 scrolls of immolation
 i - 4 scrolls of identify
 m - a scroll of holy word {unknown}
 n - a scroll of magic mapping {unknown}
 t - a scroll of teleportation {unknown}
 y - a scroll of enchant weapon {unknown}
 A - a scroll of silence {unknown}
Potions
 a - a potion of haste {unknown}
 b - a potion of magic
 c - a potion of curing
 d - 3 potions of heal wounds
 e - a potion of cancellation {unknown}
 g - 4 potions of mutation
 p - 2 potions of attraction {unknown}
 s - a potion of lignification {unknown}


   Skills:
 + Level 8.5 Fighting
 * Level 13.4 Unarmed Combat
 - Level 1.0 Spellcasting
 - Level 0.6 Fire Magic


You had 10 spell levels left.
You knew the following spells:

 Your Spells              Type           Power      Damage    Failure   Level
p - Foxfire               Conj/Fire      0%         2x1d4     32%         1

Your spell library contained the following spells:

 Spells                   Type           Power      Damage    Failure   Level
 Animate Skeleton         Necr           0%         N/A       36%         1
 Apportation              Tloc           0%         N/A       36%         1
 Corona                   Hex            0%         N/A       36%         1
 Shock                    Conj/Air       0%         1d3       36%         1
 Summon Small Mammal      Summ           0%         N/A       36%         1
 Slow                     Hex            0%         N/A       50%         2
 Confusing Touch          Hex            0%         N/A       73%         3
 Dazzling Flash           Conj/Hex       0%         N/A       73%         3
 Swiftness                Air            0%         N/A       73%         3
 Tukima's Dance           Hex            0%         N/A       73%         3
 Airstrike                Air            0%         N/A       98%         4
 Iskenderun's Mystic Bla  Conj/Tloc      0%         2d3       98%         4
 Passage of Golubria      Tloc           N/A        N/A       98%         4
 Yara's Violent Unravell  Hex/Tmut       0%         3d3       100%        5
 Starburst                Conj/Fire      0%         6d3       100%        6


Dungeon Overview and Level Annotations

Branches:
Dungeon (8/15)             Temple (0/1) D:4
   Lair: D:8-11

Altars:
Elyvilon
Fedhas
Hepliaklqana
Kikubaaqudgha
Makhleb
Nemelex Xobeh
Ru
Vehumet
Wu Jian
Xom
Zin

Shops:
D:8 (

Annotations:
D:3 1 runed translucent door, SkeletonJelly's ghost, weakling MiCK
D:6 2 runed translucent doors, RandomusNamus's ghost, novice GrFi
D:8 Grum


Innate Abilities, Weirdness & Mutations

You are too large for most types of armour.
You have claws for hands.
Your natural rate of healing is unusually fast.
You are covered in fur. (AC +1)
You have tough skin. (AC +1)
Your muscles are strong. (Str +2)


Message History

Grum hits you from afar with a -2 spear!
* * * LOW HITPOINT WARNING * * *
The wolf closely misses you.
You closely miss the wolf.
The wolf is severely wounded.
The wolf bites you.
* * * LOW HITPOINT WARNING * * *
The wolf bites you but does no damage.
Grum hits you from afar with a -2 spear!
* * * LOW HITPOINT WARNING * * *
You scratch the wolf but do no damage.
The wolf is severely wounded.
The wolf completely misses you. The wolf bites you but does no damage.
The wolf bites you!
* * * LOW HITPOINT WARNING * * *
You closely miss the wolf.
The wolf is severely wounded.
The wolf barely misses you.
Grum hits you from afar with a -2 spear!!
* * * LOW HITPOINT WARNING * * *
The wolf bites you but does no damage. The wolf bites you.
* * * LOW HITPOINT WARNING * * *
The wolf bites you but does no damage.
As you read the scroll labelled LYVOVO ILUIC, it crumbles to dust.
It is a scroll of identify.
d - 3 potions of heal wounds The wolf bites you.
* * * LOW HITPOINT WARNING * * *
The wolf barely misses you. Grum barely misses you.
The wolf bites you but does no damage.
As you read the scroll labelled ENACWI ZIROIBYOQ, it crumbles to dust.
The creatures around you are filled with an inner flame!
It was a scroll of immolation.
The wolf bites you but does no damage. The wolf closely misses you.
Grum hits you from afar with a -2 spear!
* * * LOW HITPOINT WARNING * * *
The wolf bites you.
* * * LOW HITPOINT WARNING * * *
The wolf bites you.
You die...

#...§§≈§§≈≈≈..§.§≈
#.#.≈≈§≈§§§..##..
#.#.≈≈§≈§§..##
#...≈≈§≈≈..#.
#..≈≈≈≈§≈.##
#..≈≈≈≈≈≈.#
#...≈≈≈≈≈..
#...≈≈≈≈§≈§
##.@§≈≈§≈§.
#.hh§§§§§≈
##.g§≈≈≈≈§
##..≈≈§≈§ ...≈≈≈≈
#...≈≈≈ #....§
##... .##


You could see Grum (inner flame) and 2 wolves.

Vanquished Creatures
  Erica (D:8)
  2 two-headed ogres (D:8)
  Maggie (D:6)
  Grinder (D:6)
  Prince Ribbit (D:7)
  2 hornets
  Sigmund (D:5)
  Eustachio (D:6)
  6 water moccasins
  An ice beast (D:4)
  2 sky beasts
  3 centaurs (D:8)
  5 ogres
  A wolf (D:8)
  4 phantoms
  A bullfrog (D:6)
  2 scorpions (D:6)
  A wyvern skeleton (D:5)
  3 killer bees (D:8)
  10 wights
  A centaur zombie (D:7)
  2 bullfrog zombies
  2 hounds
  3 jellies
  2 orc priests
  A bullfrog skeleton (D:6)
  2 gnoll shamans
  Crazy Yiuf (D:2)
  2 centaur skeletons
  5 iguanas
  Terence (D:3)
  2 orc wizards
  6 gnolls
  6 adders
  An ufetubus (D:7)
  2 adder skeletons
  2 worms
  16 orcs
  7 ball pythons
  6 endoplasms
  4 giant cockroaches
  6 goblins
  5 hobgoblins
  5 kobolds
  3 quokkas
  2 bats
  3 frilled lizards
  5 rats
152 creatures vanquished.

Vanquished Creatures (others)
  306 foxfires
  A plant (D:4)
307 creatures vanquished.

Grand Total: 459 creatures vanquished

Notes
Turn   | Place    | Note
-------+----------+-------------------------------------------
     0 | D:1      | lunkers the Troll Cinder Acolyte began the quest for the
                  | Orb.
     0 | D:1      | Reached XP level 1. HP: 22/22 MP: 1/1
   392 | D:1      | Reached XP level 2. HP: 29/29 MP: 0/2
   415 | D:1      | Found a faded altar of an unknown god.
   418 | D:1      | Noticed a floating eye
   420 | D:1      | Noticed a great orb of eyes
   420 | D:1      | Noticed a shining eye
   420 | D:1      | Noticed an eye of devastation
   885 | D:2      | Reached XP level 3. HP: 27/36 MP: 1/3
  1152 | D:2      | Reached skill level 4 in Unarmed Combat
  1280 | D:2      | Found a runed translucent door.
  1281 | D:2      | Noticed Crazy Yiuf
  1287 | D:2      | Killed Crazy Yiuf
  1288 | D:2      | Reached XP level 4. HP: 31/45 MP: 0/4
  1373 | D:3      | Noticed Terence
  1384 | D:3      | Killed Terence
  1402 | D:3      | Reached skill level 5 in Unarmed Combat
  1404 | D:3      | Found a burning altar of Makhleb.
  1429 | D:3      | Reached XP level 5. HP: 48/53 MP: 0/5
  1774 | D:2      | Noticed a phantom
  1785 | D:2      | Killed a phantom
  1912 | D:2      | Found a sparkling altar of Nemelex Xobeh.
  2454 | D:3      | Found an ancient bone altar of Kikubaaqudgha.
  2456 | D:3      | Found a blossoming altar of Fedhas.
  2456 | D:3      | Found a shimmering altar of Xom.
  2457 | D:3      | Found a glowing silver altar of Zin.
  2457 | D:3      | Found a hazy altar of Hepliaklqana.
  2458 | D:3      | Found a sacrificial altar of Ru.
  2460 | D:3      | Found a radiant altar of Vehumet.
  2481 | D:3      | Found an ornate altar of the Wu Jian Council.
  2601 | D:3      | Found a runed translucent door.
  2602 | D:3      | Noticed SkeletonJelly's ghost (weakling MiCK)
  2717 | D:4      | Noticed an ogre
  2724 | D:4      | Killed an ogre
  2725 | D:4      | Reached skill level 6 in Unarmed Combat
  2725 | D:4      | Reached XP level 6. HP: 62/62 MP: 6/6
  2760 | D:4      | Found a staircase to the Ecumenical Temple.
  2821 | D:4      | Noticed an ice beast
  2831 | D:4      | Killed an ice beast
  2917 | D:4      | Reached XP level 7. HP: 24/70 MP: 7/7
  3002 | D:4      | Reached skill level 7 in Unarmed Combat
  3711 | D:5      | Entered Level 5 of the Dungeon
  3880 | D:5      | Found a white marble altar of Elyvilon.
  3885 | D:5      | Noticed Sigmund
  3922 | D:5      | Gained mutation: Your muscles are strong. (Str +2) [potion
                  | of mutation]
  3931 | D:5      | Killed Sigmund
  3932 | D:5      | Reached skill level 8 in Unarmed Combat
  4064 | D:5      | Reached skill level 5 in Fighting
  4064 | D:5      | Reached XP level 8. HP: 60/80 MP: 8/8
  4353 | D:6      | Noticed Maggie
  4361 | D:6      | Killed Maggie
  4362 | D:6      | Reached skill level 9 in Unarmed Combat
  4682 | D:6      | Found a large runed translucent door.
  4682 | D:6      | Found a large runed translucent door.
  4697 | D:6      | Reached skill level 10 in Unarmed Combat
  4749 | D:6      | Reached XP level 9. HP: 89/89 MP: 9/9
  4838 | D:6      | Noticed Eustachio
  4872 | D:6      | Killed Eustachio
  4964 | D:6      | Noticed Grinder
  4982 | D:6      | Killed Grinder
  5042 | D:6      | Paralysed by a hornet for 1 turns
  5100 | D:6      | Reached skill level 11 in Unarmed Combat
  5164 | D:6      | Found the +3 pair of gauntlets of War {Slay+5}
  5610 | D:6      | Noticed RandomusNamus's ghost (novice GrFi)
  5804 | D:7      | Noticed Prince Ribbit
  5814 | D:7      | Killed Prince Ribbit
  6450 | D:8      | Reached XP level 10. HP: 96/102 MP: 10/10
  6501 | D:8      | Noticed a two-headed ogre
  6511 | D:8      | Killed a two-headed ogre
  6512 | D:8      | Reached skill level 12 in Unarmed Combat
  6624 | D:8      | Paralysed by a hornet for 3 turns
  6727 | D:8      | Found Xigh's Weapon Boutique.
  6732 | D:8      | Noticed a two-headed ogre
  6740 | D:8      | Killed a two-headed ogre
  6908 | D:8      | Noticed Erica
  6919 | D:8      | Killed Erica
  6920 | D:8      | Reached skill level 13 in Unarmed Combat
  7179 | D:8      | Noticed Grum
  7196 | D:8      | HP: 5/106 [Grum (9)]
  7196 | D:8      | HP: 2/106 [wolf[Grum] (3)]
  7196 | D:8      | Slain by a wolf

Illustrated notes

Levels and vault maps discovered:
D:1:      amcnicky_arrival_blooded_trapdoor, layout_loops_ring,
          hellmonk_ecumenical_altar_watching_god, minmay_misc_feat_enclosed
D:2:      layout_basic, basic_altar, uniq_crazy_yiuf_cottage
D:3:      layout_basic, pdpol_wu_jian_five_deadly_venoms, minitemple,
          gammafunk_ghost_grave, uniq_terence
D:4:      layout_basic, minmay_temple_entry_purple_smoke, saegor_snake_ambush
D:5:      layout_rooms, elyvilon_altar_5, uniq_sigmund
D:6:      layout_gridville, ebering_ghost_disaster_area, uniq_maggie,
          uniq_eustachio, uniq_grinder
D:7:      layout_loops_ring, uniq_prince_ribbit1
D:8:      layout_basic, serial_shops, nicolae_shop_behind_doors,
          minmay_lindwurm_lava, uniq_erica, uniq_grum

Skill      XL: |  1  2  3  4  5  6  7  8  9 10 |
---------------+-------------------------------+-----
Unarmed Combat | 4 5 6 8 10 11 13 | 13.4
Fighting       | 3 4 5 6 7 8 |  8.5
Spellcasting   | |  1.0
Fire Magic     | |  0.6

Action                   |  1- 3 |  4- 6 |  7- 9 | 10-12 || total
-------------------------+-------+-------+-------+-------++-------
Melee: Unarmed           |    47 |    57 |   211 |    71 ||   386
       Punch             |       |     1 |     9 |     2 ||    12
 Cast: Foxfire           |    19 |    49 |   104 |    28 ||   200
Evoke: Wand              |       |       |       |     1 ||     1
  Use: Potion            |       |       |     2 |     1 ||     3
       Scroll            |       |       |       |     2 ||     2
Armor: Robe              |    13 |    13 |    48 |    32 ||   106
Dodge: Dodged            |    11 |    12 |    58 |    43 ||   124

Table legend: (Time is in decaauts)
 A = Elapsed time spent in this place.
 B = Non-inter-level travel time spent in this place.
 C = Inter-level travel time spent in this place.
 D = Time resting spent in this place.
 E = Time spent auto-exploring this place.
 F = Levels seen in this place.
 G = Mean time per level.
                   A        B        C        D        E       F      G
               +--------+--------+--------+--------+--------+-----+--------+
         Total |   7157 |   6933 |    224 |    120 |   5637 |   8 |  894.6 |
       Dungeon |   7157 |   6933 |    224 |    120 |   5637 |   8 |  894.6 |
               +--------+--------+--------+--------+--------+-----+--------+

Top non-repeatable levels by time:
     D:6: 1244 daAuts
     D:4: 1092 daAuts
     D:3: 901 daAuts
     D:2: 895 daAuts
     D:7: 835 daAuts
     D:1: 823 daAuts
     D:8: 704 daAuts
     D:5: 659 daAuts
